 Dungeon Crawl Stone Soup version 0.29-a0-620-g13ace881f2 (webtiles) character file.

Game seed: 3751849002469246773

112 CrazyBamboolord the Cutter (level 5, -17/33 HPs)
             Began as a Kobold Fighter on June 18, 2022.
             Demolished by an ogre
             ... wielding a +0 giant spiked club
              (34 damage)
             ... on level 4 of the Dungeon.
             The game lasted 00:04:25 (3603 turns).

CrazyBamboolord the Cutter (Kobold Fighter)         Turns: 3603, Time: 00:04:26

Health: -17/33     AC:  6    Str: 13    XL:     5   Next: 16%
Magic:  5/5        EV: 11    Int:  9    God:
Gold:   122        SH:  6    Dex: 17    Spells: 4/4 levels left

rFire   . . .      SeeInvis .   a - +2 rapier
rCold   . . .      Faith    .   c - +0 buckler
rNeg    . . .      Spirit   .   b - +0 scale mail
rPois   .          Reflect  .   (no helmet)
rElec   .          Harm     .   (no cloak)
rCorr   .          Rampage  .   (no gloves)
Will    .....                   (no boots)
Stlth   +.........              (no amulet)
HPRegen 0.11/turn               (no ring)
MPRegen 0.09/turn               (no ring)

@: no status effects
A: small, no large weapons, nightstalker 3
a: no special abilities


You were on level 4 of the Dungeon.
You visited 1 branch of the dungeon, and saw 4 of its levels.

You collected 142 gold pieces.
You spent 20 gold pieces at shops.

Inventory:

Hand Weapons
 a - a +2 rapier (weapon)
Armour
 b - a +0 scale mail (worn)
 c - a +0 buckler (worn)
Scrolls
 e - a scroll of magic mapping {unknown}
 f - a scroll of fear {unknown}
 g - a scroll of fog
 h - a scroll of poison
 i - a scroll of silence {unknown}
 j - a scroll of noise {unknown}
 l - a scroll of enchant armour {unknown}
 m - 2 scrolls of blinking {unknown}
Potions
 d - 2 potions of might
 k - 2 potions of attraction
 n - 2 potions of heal wounds
 o - a potion of brilliance {unknown}
 p - a potion of experience {unknown}


   Skills:
 * Level 4.0 Fighting
 * Level 4.7 Short Blades
 + Level 2.7 Armour
 * Level 1.3 Dodging
 + Level 0.5 Stealth
 + Level 2.7 Shields


You had 4 spell levels left.
You didn't know any spells.
Your spell library contained the following spells:

 Spells                   Type           Power      Damage    Failure   Level
 Apportation              Tloc           0%         N/A       95%         1
 Necrotize                Necr           0%         1d4       95%         1
 Slow                     Hex            0%         N/A       95%         1
 Summon Small Mammal      Summ           0%         N/A       95%         1
 Confusing Touch          Hex            0%         N/A       100%        3
 Vampiric Draining        Necr           0%         2d6       100%        3
 Fireball                 Conj/Fire      0%         3d3       100%        5
 Iskenderun's Battlesphe  Conj           0%         2d6       100%        5
 Conjure Ball Lightning   Conj/Air       0%         3x3d6     100%        6
 Orb of Destruction       Conj           0%         9d5       100%        7


Dungeon Overview and Level Annotations

Branches:
Dungeon (4/15)
 Temple: D:4-7

Altars:

Shops:
D:4 ?


Innate Abilities, Weirdness & Mutations

You are small and have problems with some larger weapons.
You are completely attuned to the shadows.


Message History

You kill the giant cockroach!
No target in view!
No target in view!
m - 2 scrolls labelled SIAROPY BIKE
Found 20 stones.
You now have 122 gold pieces (gained 13).
You open the large door.
There is a large open door here.
A goblin comes into view. It is wielding a +0 dagger.
The goblin shouts!
An ogre comes into view. It is wielding a +0 giant spiked club.
Found a runed glass ring.
The ogre shouts!
You puncture the goblin!
You kill the goblin!
The ogre attacks as you move away! You block the ogre's attack.
There is a large open door here.
An ogre is nearby!
You hit the ogre.
The ogre is moderately wounded.
The ogre closely misses you.
You hit the ogre but do no damage.
The ogre is moderately wounded.
The ogre misses you.
You hit the ogre.
The ogre is moderately wounded.
The ogre hits you with a +0 giant spiked club!!
Ouch! That really hurt!
You are too injured to fight recklessly!
Found a viscous puce potion.
You start resting.
An ogre is nearby!
You hit the ogre.
The ogre is moderately wounded.
The ogre hits you but does no damage.
You hit the ogre.
The ogre is moderately wounded.
The ogre hits you with a +0 giant spiked club!!
Ouch! That really hurt!
You die...

>##)............##.####
♣♣♣♣♣♣♣#.
.........#....####.#
### ##.
...................#
#.########..
..#....#.#.........#
#..........#
#.#............##.##
#.##########
...#.##....##.# ##.#
..........##.# #..#
..........# #.##
.#......@.# #.#
#.#.####O###.#
#.#.###...##.#
#!....O......#
###.###...#..# #.#
##.##..# ..# #(##..#
.#. ......#


You could see an ogre.

Vanquished Creatures
  An orc priest (D:3)
  An adder (D:2)
  2 dart slugs
  5 orcs
  7 ball pythons
  3 endoplasms
  2 giant cockroaches
  4 goblins
  5 hobgoblins
  3 quokkas
  9 bats
  7 frilled lizards
  7 kobolds
  8 rats
64 creatures vanquished.

Notes
Turn   | Place    | Note
-------+----------+-------------------------------------------
     0 | D:1      | CrazyBamboolord the Kobold Fighter began the quest for the
                  | Orb.
     0 | D:1      | Reached XP level 1. HP: 14/14 MP: 1/1
   331 | D:1      | Reached XP level 2. HP: 8/19 MP: 2/2
   930 | D:1      | Reached XP level 3. HP: 23/24 MP: 3/3
  1657 | D:2      | Reached skill level 1 in Dodging
  2126 | D:2      | Reached XP level 4. HP: 29/29 MP: 4/4
  2724 | D:3      | Found a faded altar of an unknown god.
  3019 | D:3      | Reached XP level 5. HP: 33/33 MP: 5/5
  3288 | D:4      | Found Nakkonee's Magic Scroll Shop.
  3294 | D:4      | Bought a scroll of identify for 20 gold pieces
  3555 | D:4      | Noticed an ogre
  3603 | D:4      | Demolished by an ogre

Illustrated notes

Levels and vault maps discovered:
D:1:      dpeg_arrival_shrine, layout_loops_corners, minmay_misc_feat_enclosed,
          chequers_serial_rivers_small_3
D:2:      layout_rooms, minmay_misc_feat_hallway
D:3:      layout_basic, dreamdust_ecumenical_altar_grove
D:4:      layout_loops_ring, serial_shops, nicolae_shop_hallway_plus,
          nicolae_take_the_stairs, nicolae_shop_hallway_plus,
          nicolae_stop_n_shop_1, kennysheep_generic_room_6

Skill      XL: |  1  2  3  4 |
---------------+-------------+-----
Short Blades   | 3 4 |  4.7
Dodging        | 1 |  1.3
Fighting       | 4 |  4.0
Armour         | |  2.7
Stealth        | |  0.5
Shields        | |  2.7

Action                   |  1- 3 |  4- 6 || total
-------------------------+-------+-------++-------
Melee: Rapier            |   110 |    55 ||   165
  Use: Scroll            |       |     7 ||     7
 Stab: Sleeping          |     1 |       ||     1
Armor: Scale mail        |    35 |    18 ||    53
Dodge: Dodged            |    47 |    31 ||    78
Block: Buckler           |    22 |    15 ||    37

Table legend: (Time is in decaauts)
 A = Elapsed time spent in this place.
 B = Non-inter-level travel time spent in this place.
 C = Inter-level travel time spent in this place.
 D = Time resting spent in this place.
 E = Time spent auto-exploring this place.
 F = Levels seen in this place.
 G = Mean time per level.
                   A        B        C        D        E       F      G
               +--------+--------+--------+--------+--------+-----+--------+
         Total |   3623 |   3484 |    139 |    202 |   2799 |   4 |  905.8 |
       Dungeon |   3623 |   3484 |    139 |    202 |   2799 |   4 |  905.8 |
               +--------+--------+--------+--------+--------+-----+--------+

Top non-repeatable levels by time:
     D:1: 1583 daAuts
     D:3: 882 daAuts
     D:2: 835 daAuts
     D:4: 323 daAuts
